 Dungeon Crawl Stone Soup version 0.30-a0-900-g23479c02f2 (webtiles) character file.

Game seed: 8163467287518919139

113 gelatine the Chopper (level 4, -2/34 HPs)
             Began as a Demonspawn Gladiator on Mar 18, 2023.
             Slain by a gnoll
             ... wielding a +0 spear
              (3 damage)
             ... on level 2 of the Dungeon.
             The game lasted 00:03:02 (1329 turns).

gelatine the Chopper (Demonspawn Gladiator)         Turns: 1329, Time: 00:03:02

Health: -2/34      AC:  7    Str: 16    XL:     4   Next: 65%
Magic:  5/5        EV: 13    Int: 10    God:
Gold:   108        SH:  4    Dex: 14    Spells: 4/4 levels left

rFire   . . .      SeeInvis .    a - +0 war axe
rCold   + . .      Faith    .    (no shield)
rNeg    . . .      Spirit   .    i - +2 robe {rC+}
rPois   .          Reflect  .    c - +0 helmet
rElec   .          Rampage  .    (no cloak)
rCorr   .                        (no gloves)
Will    .....                    (no boots)
Stlth   ++                       (no amulet)
HPRegen 0.25/turn                (no ring)
MPRegen 0.18/turn                (no ring)

@: no status effects
A: slimy green scales 1, magic regeneration, condensation shield
a: no special abilities


You were on level 2 of the Dungeon.
You visited 1 branch of the dungeon, and saw 2 of its levels.

You collected 108 gold pieces.

Inventory:

Hand Weapons
 a - a +0 war axe (weapon)
Armour
 b - a +0 leather armour
 c - a +0 helmet (worn)
 i - a +2 robe of cold resistance (worn)
Jewellery
 l - a ring of ice
Scrolls
 d - a scroll of teleportation {unknown}
 f - 2 scrolls of amnesia {unknown}
 g - a scroll of fear {unknown}
 h - a scroll of immolation {unknown}
 j - a scroll of brand weapon {unknown}
Potions
 k - 3 potions of curing {unknown}
 m - a potion of degeneration {unknown}
 n - a potion of haste {unknown}
 o - a potion of lignification {unknown}


   Skills:
 * Level 2.4 Fighting
 + Level 3.4 Axes
 * Level 2.1 Throwing
 * Level 0.8 Armour
 * Level 3.2 Dodging
 * Level 1.3 Stealth
 * Level 0.9 Spellcasting


You had 4 spell levels left.
You didn't know any spells.
Your spell library was empty.

Dungeon Overview and Level Annotations

Branches:
Dungeon (2/15)

Altars:


Innate Abilities, Weirdness & Mutations

You are partially covered in slimy green scales. (AC +2)
You regenerate magic rapidly.
A meltable shield of frost defends you. (SH +4)


Message History

You see here a +0 robe.
Items here: ) †††.
A gnoll comes into view. It is wielding a +0 spear.
You throw a javelin. The gnoll shouts! x2
The javelin pierces through the gnoll!
The gnoll is almost dead.
A gnoll comes into view. It is wielding a +0 spear.
The gnoll shouts!
You hear an angry hiss.
The gnoll hits you from afar with a +0 halberd.
The gnoll hits you with a +0 spear. x2; The gnoll hits you with a +0 halberd.
A frilled lizard comes into view.
You barely miss the gnoll.
The gnoll is almost dead.
You closely miss the gnoll. You barely miss the gnoll.
The gnoll hits you with a +0 spear. The gnoll misses you.
The gnoll hits you with a +0 halberd. The gnoll closely misses you.
The gnoll hits you with a +0 halberd.
* * * LOW HITPOINT WARNING * * *
The gnoll barely misses you.
You slash the gnoll!
You kill the gnoll!
You barely miss the gnoll. You hit the gnoll. You block the gnoll's attack.
The gnoll hits you but does no damage.
Unknown command.
You barely miss the gnoll.
The gnoll is heavily wounded.
You barely miss the gnoll. You hit the frilled lizard.
You kill the frilled lizard!
The gnoll barely misses you. The gnoll hits you with a +0 spear.
* * * LOW HITPOINT WARNING * * *
The gnoll hits you with a +0 spear.
* * * LOW HITPOINT WARNING * * *
The gnoll hits you but does no damage.
You barely miss the gnoll.
The gnoll is heavily wounded.
You hit the gnoll. The gnoll hits you with a +0 spear.
* * * LOW HITPOINT WARNING * * *
The gnoll hits you with a +0 spear.
You die...

......#.## #.....#
##. #.# ##.#..#
#.# #.# ......#
##.###..# ...#.##
......#.### ####.#
...(.... #)#
..##..... #)#
......g)# ####.#
#######g@#
.....##.#.....#..#
........##...##..#
####.##.#....[#.##
###.##.###)###.#
#....).........#
#.......#..#.###
#............#
##.....#.#..######


You could see 2 gnolls.

Vanquished Creatures
  2 adders (D:2)
  5 gnolls (D:2)
  A worm (D:2)
  A dart slug (D:1)
  3 endoplasms (D:1)
  2 giant cockroaches (D:2)
  5 goblins
  3 hobgoblins
  4 jackals (D:2)
  A kobold (D:2)
  2 quokkas (D:1)
  2 ball pythons
  4 bats
  3 frilled lizards
  6 rats
44 creatures vanquished.

Notes
Turn   | Place    | Note
-------+----------+-------------------------------------------
     0 | D:1      | gelatine the Demonspawn Gladiator began the quest for the
                  | Orb.
     0 | D:1      | Reached XP level 1. HP: 16/16 MP: 1/1
   273 | D:1      | Gained mutation: You regenerate magic rapidly. [demonic
                  | ancestry]
   273 | D:1      | Reached XP level 2. HP: 17/22 MP: 2/2
   923 | D:2      | Gained mutation: You are partially covered in slimy green
                  | scales. (AC +2) [demonic ancestry]
   923 | D:2      | Reached XP level 3. HP: 24/27 MP: 3/3
  1128 | D:2      | Gained mutation: A meltable shield of frost defends you.
                  | (SH +4) [demonic ancestry]
  1128 | D:2      | Reached XP level 4. HP: 26/34 MP: 5/5
  1133 | D:2      | Reached skill level 1 in Stealth
  1329 | D:2      | HP: 1/34 [gnoll/+0 spear (4)]
  1329 | D:2      | Slain by a gnoll

Illustrated notes

Levels and vault maps discovered:
D:1:      dpeg_arrival_water_temple_mockup, layout_loops_ring
D:2:      layout_loops_ring, basic_altar, hex_large, minmay_split_cup_large

Skill      XL: |  1  2  3  4 |
---------------+-------------+-----
Dodging        | 3 |  3.2
Axes           | 3 |  3.4
Throwing       | 2 |  2.1
Stealth        | 1 |  1.3
Fighting       | |  2.4
Armour         | |  0.8
Spellcasting   | |  0.9

Action                     |  1- 3 |  4- 6 || total
---------------------------+-------+-------++-------
  Melee: War axe           |    80 |    28 ||   108
         Punch             |     3 |       ||     3
  Throw: Throwing net      |     3 |       ||     3
         Javelin           |    14 |     1 ||    15
   Stab: Sleeping          |       |     1 ||     1
 Armour: Leather armour    |     1 |       ||     1
         Robe              |    16 |    10 ||    26
  Dodge: Dodged            |    72 |    11 ||    83
  Block: Other             |       |     9 ||     9

Table legend: (Time is in decaauts)
 A = Elapsed time spent in this place.
 B = Non-inter-level travel time spent in this place.
 C = Inter-level travel time spent in this place.
 D = Time resting spent in this place.
 E = Time spent auto-exploring this place.
 F = Levels seen in this place.
 G = Mean time per level.
                   A        B        C        D        E       F      G
               +--------+--------+--------+--------+--------+-----+--------+
         Total |   1372 |   1347 |     25 |      0 |    979 |   2 |  686.0 |
       Dungeon |   1372 |   1347 |     25 |      0 |    979 |   2 |  686.0 |
               +--------+--------+--------+--------+--------+-----+--------+

Top non-repeatable levels by time:
     D:1: 830 daAuts
     D:2: 542 daAuts
